 Dungeon Crawl Stone Soup version 0.21-a0-401-g0b6bec4 (webtiles) character file.

2938 flaggy the Firebug (level 9, -5/66 HPs)
             Began as a Demonspawn Fire Elementalist on Oct 24, 2017.
             Was an Elder of Kikubaaqudgha.
             Killed by divine providence
             ... invoked by an orc priest
              (12 damage)
             ... on level 8 of the Dungeon.
             The game lasted 01:01:23 (5574 turns).

flaggy the Firebug (Demonspawn Fire Elementalist)   Turns: 5574, Time: 01:01:24

Health: -5/66      AC: 10    Str:  9    XL:     9   Next: 51%
Magic:  1/16       EV: 14    Int: 20    God:    Kikubaaqudgha [****..]
Gold:   104        SH:  0    Dex: 15    Spells: 4/17 levels left

rFire    . . .     SeeInvis .   P - +0 scythe
rCold    . . .     Gourm    .   (shield currently unavailable)
rNeg     . . .     Faith    .   x - +2 robe {MR+}
rPois    +         Spirit   .   v - +2 hat
rElec    .         Reflect  .   s - +0 cloak
rCorr    .         Harm     .   (no gloves)
MR       +++..     Rnd*Tele +   (no boots)
Stlth    ++........             (no amulet)
HPRegen  0.21/turn              K - ring of protection from magic
MPRegen  0.15/turn              H - ring of poison resistance

@: no status effects
A: fangs 1, hooves 1, icy blue scales 2, clever 1, demonic guardian 1, magic
resistance 1, spiny 2, teleportitis 1
a: Receive Corpses, Renounce Religion


You were on level 8 of the Dungeon.
You worshipped Kikubaaqudgha.
Kikubaaqudgha was greatly pleased with you.
You were not hungry.

You visited 1 branch of the dungeon, and saw 8 of its levels.

You collected 269 gold pieces.
You spent 165 gold pieces at shops.

Inventory:

Hand Weapons
 P - a +0 scythe (weapon)
 Q - a +1 whip of flaming
Missiles
 l - 236 stones (quivered)
 m - 39 bolts
 w - 40 poisoned needles
Armour
 a - a +1 helmet
 o - a +1 helmet
 s - a +0 cloak (worn)
 v - a +2 hat (worn)
 x - a +2 robe of magic resistance (worn)
 y - a +0 robe
 D - a +0 robe
 R - a +0 shield
Jewellery
 j - a +2 ring of dexterity
 H - a ring of poison resistance (right hand)
 K - a ring of protection from magic (left hand)
Wands
 r - a wand of confusion (8/48)
 B - a wand of disintegration (24/24)
Scrolls
 u - 4 scrolls of teleportation
 z - a scroll of noise
 A - 2 scrolls of immolation
 C - 2 scrolls of fog
 F - 2 scrolls of enchant armour
 I - a scroll of recharging
Potions
 E - a potion of agility
 G - a potion of berserk rage {unknown}
 T - a potion of might {unknown}
Books
 b - a book of Flames

   Spells                             Type                      Level
   a - Flame Tongue                   Conjuration/Fire             1
   b - Throw Flame                    Conjuration/Fire             2
   c - Conjure Flame                  Conjuration/Fire             3
   d - Inner Flame                    Hexes/Fire                   3
   e - Sticky Flame                   Conjuration/Fire             4
   f - Fireball                       Conjuration/Fire             5
 q - Kikubaaqudgha's Tome of Black Rituals
   (Kikubaaqudgha gifted it to you on level 2 of the Dungeon)

   Spells                             Type                      Level
   a - Animate Skeleton               Necromancy                   1
   b - Corpse Rot                     Necromancy                   2
   c - Sublimation of Blood           Necromancy                   2
   d - Vampiric Draining              Necromancy                   3
   e - Control Undead                 Necromancy                   4
 O - Kikubaaqudgha's Tome of Dark Magic
   (Kikubaaqudgha gifted it to you on level 6 of the Dungeon)

   Spells                             Type                      Level
   a - Animate Dead                   Necromancy                   4
   b - Excruciating Wounds            Charms/Necromancy            5
   c - Cigotuvi's Embrace             Necromancy                   5
   d - Dispel Undead                  Necromancy                   5
   e - Simulacrum                     Ice/Necromancy               6
Comestibles
 c - 4 fruits
 f - 3 meat rations
 h - a royal jelly
 t - 6 bread rations


   Skills:
 * Level 4.6 Fighting
   Level 1.2 Short Blades
 * Level 4.7 Polearms
 + Level 4.0 Dodging
 + Level 3.1 Stealth
 + Level 4.8 Spellcasting
 + Level 4.1 Conjurations
 * Level 5.1 Necromancy
 * Level 5.7 Fire Magic


You had 4 spell levels left.
You knew the following spells:

 Your Spells              Type           Power        Failure   Level  Hunger
a - Flame Tongue          Conj/Fire      ###..        1%          1    None
b - Conjure Flame         Conj/Fire      ###.....     4%          3    ##.....
c - Animate Skeleton      Necr           N/A          1%          1    None
d - Fireball              Conj/Fire      ###.......   38%         5    ######.
e - Vampiric Draining     Necr           ####......   4%          3    ##.....


Dungeon Overview and Level Annotations

Branches:
Dungeon (8/15)
 Temple: D:4-7         Lair: D:8-11

Altars:
Cheibriados
Elyvilon
Kikubaaqudgha
Qazlal
Ru
Uskayaw
Wu Jian
The Shining One

Shops:
D:7 =%:(


Innate Abilities, Weirdness & Mutations

You have large cloven feet.
You are mostly covered in icy blue scales. (AC +3)
A weak demonic guardian rushes to your aid.
You are mostly covered in sharp spines.
You have very sharp teeth.
Your mind is acute. (Int +2)
You are resistant to hostile enchantments. (MR+)
You are occasionally teleported next to monsters.


Message History

Your quasit bites the orc priest.
Your quasit barely misses the orc priest.
Your quasit claws the orc priest but does no damage.
The orc priest barely misses your quasit.
Your quasit closely misses the orc priest.
Your quasit claws the orc priest but does no damage.
Your quasit barely misses the orc priest.
Aiming: Confuse (will waste charges)
Press: ? - help, Shift-Dir - straight line, f - bullfrog zombie
Aim: a bullfrog zombie (moderately damaged, chance to defeat MR: 59%)
The bullfrog zombie resists with significant effort.
Evoking this partially-identified wand wasted a few charges.
The bullfrog zombie completely misses you.
Your quasit misses the orc priest.
Your quasit barely misses the orc priest.
Your quasit claws the orc priest but does no damage.
The orc priest calls down the wrath of Beogh upon you.
Beogh smites you!
You die...
Kikubaaqudgha rasps: "You have failed me!
Welcome... death!"

......
#...........#
......
#...%.......#
......
#....)......#
......
#....o......#
...... .
#....5......#
)..... ..#
#...........#
......
....##.o.........#
....$.
#....Z.........#
....>.
#....@(........#
......
#..............#
....
#...############
#... #.# #. #


You could see 2 orc priests, a bullfrog zombie and a friendly quasit.

Vanquished Creatures
  Pikel (D:6)
  Grinder (D:6)
  Prince Ribbit (D:6)
  Sigmund (D:5)
  Edmund (D:5)
  A water moccasin (D:5)
  2 sky beasts
  A black bear (D:6)
  A hornet zombie (D:6)
  An ice beast (D:6)
  2 ogres
  A centaur (D:7)
  A crocodile (D:8)
  3 bullfrogs
  A scorpion (D:6)
  A howler monkey (D:7)
  3 crimson imps
  A quasit (D:6)
  A hound (D:5)
  A jelly (D:6)
  5 orc wizards
  An orc priest (D:6)
  2 iguanas (D:7)
  3 worker ants
  Robin (D:4)
  10 adders
  A shadow imp (D:7)
  3 worms
  A dart slug (D:2)
  5 leopard geckos
  22 orcs
  2 ball pythons (D:3)
  5 giant cockroaches
  16 goblins
  5 hobgoblins
  12 jackals
  10 kobolds
  4 quokkas
  7 bats
  5 frilled lizards
  A jackal skeleton (D:5)
  14 rats
161 creatures vanquished.

Vanquished Creatures (collateral kills)
  An orc warrior (D:8)
  A slave (D:6)
  The ghost of zodiak12 the Grave Robber, an amateur DsNe (D:3)
  A crimson imp (D:7)
  A hound (D:7)
  Jessica (D:3)
  A worker ant (D:5)
  2 orcs
9 creatures vanquished.

Grand Total: 170 creatures vanquished

Notes
Turn   | Place    | Note
-------+----------+-------------------------------------------
     0 | D:1      | flaggy the Demonspawn Fire Elementalist began the quest for the Orb.
     0 | D:1      | Reached XP level 1. HP: 13/13 MP: 3/3
   278 | D:1      | Gained mutation: You are partially covered in sharp spines. [demonic ancestry]
   278 | D:1      | Reached XP level 2. HP: 19/19 MP: 1/5
  1172 | D:2      | Found a snail-covered altar of Cheibriados.
  1172 | D:2      | Found an ancient bone altar of Kikubaaqudgha.
  1195 | D:2      | Gained mutation: You are partially covered in icy blue scales. (AC +2) [demonic ancestry]
  1195 | D:2      | Reached XP level 3. HP: 25/25 MP: 6/6
  1232 | D:2      | Became a worshipper of Kikubaaqudgha
  1279 | D:2      | Reached skill level 1 in Fighting
  1459 | D:2      | Reached skill level 1 in Short Blades
  1463 | D:2      | Reached XP level 4. HP: 17/32 MP: 1/7
  1798 | D:2      | Reached * piety under Kikubaaqudgha
  1798 | D:2      | Identified Kikubaaqudgha's Tome of Black Rituals (Kikubaaqudgha gifted it to you on level 2 of the Dungeon)
  1798 | D:2      | Received a gift from Kikubaaqudgha
  1806 | D:2      | Learned a level 3 spell: Conjure Flame
  1833 | D:2      | Learned a level 1 spell: Animate Skeleton
  1951 | D:2      | Gained mutation: A weak demonic guardian rushes to your aid. [demonic ancestry]
  1951 | D:2      | Reached XP level 5. HP: 32/38 MP: 8/8
  2575 | D:3      | Reached skill level 1 in Polearms
  2631 | D:3      | Found a hide-covered altar of Uskayaw.
  2631 | D:3      | Found a faded altar of an unknown god.
  2652 | D:3      | Found a sacrificial altar of Ru.
  2659 | D:3      | Found a faded altar of an unknown god.
  2662 | D:3      | Found a glowing golden altar of the Shining One.
  2703 | D:3      | Noticed zodiak12's ghost (amateur DsNe)
  2718 | D:3      | Killed zodiak12's ghost
  2718 | D:3      | Reached skill level 1 in Necromancy
  2762 | D:3      | Noticed Jessica
  2772 | D:3      | Killed Jessica
  2772 | D:3      | Gained mutation: You are mostly covered in sharp spines. [demonic ancestry]
  2772 | D:3      | Reached XP level 6. HP: 33/44 MP: 5/10
  2961 | D:3      | Learned a level 5 spell: Fireball
  3247 | D:4      | Noticed a sky beast
  3256 | D:4      | Killed a sky beast
  3303 | D:4      | Reached ** piety under Kikubaaqudgha
  3401 | D:4      | Noticed Robin
  3411 | D:4      | Killed Robin
  3434 | D:4      | Found a stormy altar of Qazlal.
  3435 | D:4      | Noticed a fire elemental
  3435 | D:4      | Noticed an air elemental
  3435 | D:4      | Noticed a water elemental
  3838 | D:5      | Entered Level 5 of the Dungeon
  3865 | D:5      | Found a white marble altar of Elyvilon.
  4054 | D:5      | Noticed Sigmund
  4073 | D:5      | Killed Sigmund
  4073 | D:5      | Gained mutation: You are mostly covered in icy blue scales. (AC +3) [demonic ancestry]
  4073 | D:5      | Reached XP level 7. HP: 47/51 MP: 0/11
  4141 | D:5      | Noticed Edmund
  4159 | D:5      | Killed Edmund
  4177 | D:5      | Found a white marble altar of Elyvilon.
  4683 | D:6      | Noticed Prince Ribbit
  4691 | D:6      | Killed Prince Ribbit
  4691 | D:6      | Gained mutation: You have large cloven feet. [demonic ancestry]
  4691 | D:6      | Reached XP level 8. HP: 43/58 MP: 13/13
  4808 | D:6      | Reached *** piety under Kikubaaqudgha
  4808 | D:6      | Identified Kikubaaqudgha's Tome of Dark Magic (Kikubaaqudgha gifted it to you on level 6 of the Dungeon)
  4808 | D:6      | Received a gift from Kikubaaqudgha
  4831 | D:6      | Learned a level 3 spell: Vampiric Draining
  4878 | D:6      | Reached skill level 5 in Fire Magic
  4927 | D:6      | Noticed Pikel
  4930 | D:6      | Noticed Grinder
  4940 | D:6      | Killed Pikel
  4940 | D:6      | Reached XP level 9. HP: 55/65 MP: 1/15
  4951 | D:6      | Killed Grinder
  5070 | D:6      | You fall through a shaft!
  5070 | D:7      | Found Erisaat's Book Shop.
  5145 | D:7      | Found Vil Ecef's Food Shoppe.
  5146 | D:7      | Found Bana's Distillery.
  5207 | D:7      | Bought a bread ration for 55 gold pieces
  5207 | D:7      | Bought a meat ration for 55 gold pieces
  5207 | D:7      | Bought a bread ration for 55 gold pieces
  5248 | D:7      | Found Roelead's Antique Weapon Shop.
  5265 | D:7      | Found an ornate altar of the Wu Jian Council.
  5303 | D:7      | Found Evu Notu's Jewellery Emporium.
  5486 | D:8      | Gained mutation: You are resistant to hostile enchantments. (MR+) [potion of mutation]
  5486 | D:8      | Gained mutation: You have very sharp teeth. [potion of mutation]
  5486 | D:8      | Gained mutation: You are occasionally teleported next to monsters. [potion of mutation]
  5486 | D:8      | Gained mutation: Your mind is acute. (Int +2) [potion of mutation]
  5549 | D:8      | Reached **** piety under Kikubaaqudgha
  5549 | D:8      | Reached skill level 5 in Necromancy
  5574 | D:8      | Killed from afar by an orc priest

Vault maps used:
D:1:      lightli_arrival_flooded_house, minmay_pentomino_v4
D:2:      gammafunk_temple_overflow_pools
D:3:      grunt_temple_overflow_champion_of_chaos,
          chequers_temple_overflow_minitemple, first_bread, uniq_jessica
D:4:      nicolae_qazlal_style_of_elements, lemuel_temple_firewalk_b,
          glass_columns_a, uniq_robin
D:5:      basic_altar, hangedman_glass_teeth, elyvilon_altar_3, uniq_edmund,
          uniq_sigmund, uniq_ijyb
D:6:      minmay_misc_feat_plants, uniq_prince_ribbit1, uniq_grinder, uniq_pikel
D:7:      lemuel_crystal_altar, serial_shops, shop_fountains,
          nicolae_shop_competitors_out_of_business, shop, kennysheep_mini, shop
D:8:      tgw_trog

Skill      XL: |  1  2  3  4  5  6  7  8  9 |
---------------+----------------------------+-----
Dodging        | 2 3 4 |  4.0
Fire Magic     | 3 4 5 |  5.7
Fighting       | 1 2 3 4 |  4.6
Short Blades   | 1 |  1.2
Stealth        | 2 3 |  3.1
Polearms       | 1 2 3 4 |  4.7
Necromancy     | 1 2 4 5 |  5.1
Spellcasting   | 3 4 |  4.8
Conjurations   | 2 3 4 |  4.1

Action                   |  1- 3 |  4- 6 |  7- 9 || total
-------------------------+-------+-------+-------++-------
Melee: Dagger            |    36 |       |       ||    36
       Unarmed           |     2 |       |       ||     2
       Short sword       |    19 |    11 |       ||    30
       Spear             |       |   113 |    34 ||   147
       Falchion          |       |     8 |       ||     8
       Kick              |       |       |    13 ||    13
       Scythe            |       |       |    33 ||    33
 Cast: Flame Tongue      |    37 |    71 |    93 ||   201
       Animate Skeleton  |       |     2 |       ||     2
       Conjure Flame     |       |     1 |       ||     1
       Vampiric Draining |       |       |     1 ||     1
Evoke: Wand              |       |       |     1 ||     1
  Use: Scroll            |     8 |     4 |     4 ||    16
       Potion            |     1 |     2 |     1 ||     4
 Stab: Sleeping          |       |     1 |     1 ||     2
       Distracted        |       |       |     1 ||     1
  Eat: Bread ration      |     1 |     1 |       ||     2
       Chunk             |       |     2 |       ||     2
       Meat ration       |       |       |     1 ||     1
Armor: Robe              |    12 |    46 |    58 ||   116
Dodge: Dodged            |    44 |    89 |   109 ||   242
       Rpst.: Falchion   |       |     1 |       ||     1

Table legend:
 A = Spawn XP
 B = Non-spawn XP
 C = Spawn XP percentage of total XP
 D = Spawn monster count
 E = Non-spawn monster count
 F = Spawn count percentage of total count
 G = Total turns spent on level
                    A         B        C        D         E        F      G
               +---------+---------+-------+---------+---------+-------+---------
         Total |       0 |    4198 |   0.0 |       0 |     169 |   0.0 |  5574
               +---------+---------+-------+---------+---------+-------+---------
           D:1 |       0 |      39 |   0.0 |       0 |      25 |   0.0 |   942
           D:2 |       0 |     200 |   0.0 |       0 |      33 |   0.0 |  1559
           D:3 |       0 |     153 |   0.0 |       0 |      20 |   0.0 |   530
           D:4 |       0 |     236 |   0.0 |       0 |      24 |   0.0 |   807
           D:5 |       0 |     706 |   0.0 |       0 |      19 |   0.0 |   822
           D:6 |       0 |    1884 |   0.0 |       0 |      22 |   0.0 |   410
           D:7 |       0 |     644 |   0.0 |       0 |      14 |   0.0 |   404
           D:8 |       0 |     336 |   0.0 |       0 |      12 |   0.0 |   100
               +---------+---------+-------+---------+---------+-------+---------
